Match 31914622
Unlisted

Match 31914622
End
Panzerpioneer Squad
Selects Armored Support Battlegroup
Panzergrenadier Squad
Panzergrenadier Squad
Construct Light Support Kompanie
MG34 Team
2.5-tonne Medical Truck
2.5-tonne Medical Truck
Selects Veteran Gunners
Fire Support Elements
Panzerjäger Mechanized Group
Veteran Squad Leaders
Construct Mechanized Kompanie
Selects Salvage Kits
Support Armor Elements
Marder III Tank Destroyer
Marder III Tank Destroyer
Panzergrenadier Squad
Panzergrenadier Squad
Selects Panzer Storm
le.IG 18 Mechanized Group
Construct Panzerarmee Kommand
MG34 Team
Selects Stuka Anti-tank Loiter
Walking Stuka Rocket Launcher
infernoVenom
Tiger Mafia
Catboy Supremacy
[EASY] CLUBs37
0
0

Comments sign in to comment!

No comments posted yet!